 Dungeon Crawl Stone Soup version 0.31.0-4-g52a2dc7128 (webtiles) character file.

Game seed: 15317392861717746565

141 Aviak the Chiller (level 5, 0/55 HPs)
             Began as a Gnoll Ice Elementalist on Jan 22, 2024.
             Slain by a gnoll
             ... wielding a +2 spear of flaming
              (8 damage)
             ... on level 1 of the Dungeon.
             The game lasted 00:03:11 (1448 turns).

Aviak the Chiller (Gnoll Ice Elementalist)          Turns: 1448, Time: 00:03:12

Health: 0/55       AC: 29    Str:  7    XL:     5   Next: 24%
Magic:  0/12       EV:  2    Int: 17    God:
Gold:   95         SH:  0    Dex: 12    Spells: 4/14 levels left

rFire   . . .        g - +3 dagger (elec)
rCold   . . .        (no shield)
rNeg    . . .        a - melded +0 robe
rPois   +            (helmet currently unavailable)
rElec   .            (cloak currently unavailable)
rCorr   .            (gloves currently unavailable)
SInv    .            (boots currently unavailable)
Will    .....        (no amulet)
Stlth   +++          (no ring)
HPRegen 0.29/turn    (no ring)
MPRegen 0.13/turn

%: no passive effects
@: ice-armoured, tree-form, hasted, very quick
A: stationary, stasis, torment immunity, boosted hp, (fangs 1), strong nose,
distributed training
a: no special abilities


You were on level 1 of the Dungeon.
You were a tree.
You visited 1 branch of the dungeon, and saw 2 of its levels.

You collected 95 gold pieces.

Inventory:

Hand Weapons
 g - a +3 dagger of electrocution (weapon)
 i - a +2 dagger of protection
Armour
 a - a +0 robe (melded)
Scrolls
 c - a scroll of enchant weapon {unknown}
 d - 2 scrolls of teleportation {unknown}
 e - a scroll of fear {unknown}
 j - 2 scrolls of identify {unknown}
Potions
 b - a potion of magic
 f - a potion of haste
 h - a potion of lignification {!q}


   Skills:
 + Level 1.4 Fighting
 + Level 1.4 Short Blades
 + Level 1.4 Long Blades
 + Level 1.4 Axes
 + Level 1.4 Maces & Flails
 + Level 1.4 Polearms
 + Level 1.4 Staves
 + Level 1.4 Ranged Weapons
 + Level 1.4 Throwing
 + Level 1.4 Armour
 + Level 4.8 Dodging
 + Level 4.4 Stealth
 + Level 1.4 Shields
 + Level 1.4 Unarmed Combat
 + Level 5.2 Spellcasting
 + Level 1.1 Conjurations
 + Level 1.1 Hexes
 + Level 1.1 Summonings
 + Level 1.1 Necromancy
 + Level 1.1 Translocations
 + Level 1.1 Fire Magic
 + Level 7.2 Ice Magic
 + Level 1.1 Air Magic
 + Level 1.1 Earth Magic
 + Level 1.1 Alchemy
 + Level 1.6 Invocations
 + Level 1.4 Evocations
 + Level 1.3 Shapeshifting


You had 4 spell levels left.
You knew the following spells:

 Your Spells              Type           Power      Damage    Failure   Level
a - Freeze                Ice            100%       1d10      1%          1
b - Summon Ice Beast      Ice/Summ       18%        N/A       8%          3
c - Frozen Ramparts       Ice            56%        1d9       2%          3
d - Ozocubu's Armour      Ice            28%        N/A       2%          3

Your spell library contained the following spells:

 Spells                   Type           Power      Damage    Failure   Level


Dungeon Overview and Level Annotations

Branches:
Dungeon (2/15)

Altars:


Innate Abilities, Weirdness & Mutations

You are a tree.
Your roots penetrate the ground, keeping you stationary.
You cannot be teleported.
You are immune to unholy pain and torment.
Your maximum health is greatly increased.
Your equipment is partially melded.
((You have very sharp teeth.))
Your uncanny sense of smell can sniff out nearby items.
Your experience applies equally to all skills.


Message History

You closely miss the gnoll.
The gnoll is heavily wounded.
You barely miss the gnoll.
The gnoll is heavily wounded.
The gnoll hits you but does no damage. x2
You hit the gnoll.
The gnoll is severely wounded.
You hit the gnoll. Lightning courses through the gnoll!
You kill the gnoll!
The gnoll hits you from afar with a +2 spear of flaming.
* * * LOW HITPOINT WARNING * * *
The gnoll burns you.
* * * LOW HITPOINT WARNING * * *
The heat melts your icy armour.
Sorry, you're not good enough to have a special ability.
You cannot move.
You aren't carrying any items that you can evoke.
Casting: Frozen Ramparts (dangerous; 2% risk of failure)
Confirm with . or Enter, or press ? or * to list all spells.
A chill wind blows around you. The gnoll hits you but does no damage.
The gnoll hits you from afar with a +2 spear of flaming.
* * * LOW HITPOINT WARNING * * *
The gnoll burns you.
* * * LOW HITPOINT WARNING * * *
The heat melts your icy armour. The gnoll hits you but does no damage.
Your ice beast closely misses the gnoll.
The gnoll hits you but does no damage.
Your ice beast closely misses the gnoll.
The gnoll hits you from afar with a +2 spear of flaming.
* * * LOW HITPOINT WARNING * * *
The gnoll burns you.
* * * LOW HITPOINT WARNING * * *
The heat melts your icy armour.
Unknown command.
Your ice beast barely misses the gnoll.
The gnoll hits you but does no damage.
Your ice beast hits the gnoll but does no damage.
The gnoll hits you from afar with a +2 spear of flaming!
You die...

## ##P...###..........# #.
########## #..........# #. ##...#
############ ##
.....###############♣♣♣♣♣♣♣♣♣♣♣♣♣
.....##..................♣......♣
.....##...########..♣...♣....♣...
.....##...#...g ##..♣♣....♣♣....
.#...##...#..gg#####...♣...♣.....
.#...##...#..⌠.#♣#.8.....♣...♣...
.#...##...#...))))......♣♣..♣..♣.
......#...#...gY..............♣♣.
##...(....#....#.#.8......♣♣.....
##...##...#....#####.....♣......♣
##.####...#.... ##....♣...♣♣..♣.
##..###...########....♣♣..♣..♣♣..
.....##..............♣.......♣♣..
......#...###........♣.♣.♣♣..♣..♣


You could see a gnoll (ally target) and a friendly ice beast (summoned).

Vanquished Creatures
  11 gnolls (D:1)
  A dart slug (D:1)
  3 endoplasms (D:1)
  2 giant cockroaches (D:1)
  2 hobgoblins
  A quokka (D:2)
  A ball python (D:1)
  5 bats
  A frilled lizard (D:1)
  4 goblins
  2 kobolds (D:1)
  4 rats (D:1)
37 creatures vanquished.

Notes
Turn   | Place    | Note
-------+----------+-------------------------------------------
     0 | D:1      | Aviak the Gnoll Ice Elementalist began the quest for the
                  | Orb.
     0 | D:1      | Reached XP level 1. HP: 13/13 MP: 6/6
    84 | D:1      | Found a large runed translucent door.
    84 | D:1      | Found a large runed translucent door.
   167 | D:1      | Reached XP level 2. HP: 11/19 MP: 3/7
   252 | D:1      | Found a faded altar of an unknown god.
  1289 | D:2      | Reached skill level 5 in Spellcasting
  1289 | D:2      | Reached XP level 3. HP: 24/25 MP: 7/9
  1293 | D:2      | Learned a level 3 spell: Ozocubu's Armour
  1297 | D:2      | Learned a level 3 spell: Frozen Ramparts
  1301 | D:2      | Learned a level 3 spell: Summon Ice Beast
  1416 | D:1      | Reached skill level 1 in Invocations
  1418 | D:1      | Reached skill level 1 in Fighting
  1418 | D:1      | Reached skill level 1 in Short Blades
  1418 | D:1      | Reached skill level 1 in Long Blades
  1418 | D:1      | Reached skill level 1 in Axes
  1418 | D:1      | Reached skill level 1 in Maces & Flails
  1418 | D:1      | Reached skill level 1 in Polearms
  1418 | D:1      | Reached skill level 1 in Staves
  1418 | D:1      | Reached skill level 1 in Ranged Weapons
  1418 | D:1      | Reached skill level 1 in Throwing
  1418 | D:1      | Reached skill level 1 in Armour
  1418 | D:1      | Reached skill level 1 in Shields
  1418 | D:1      | Reached skill level 1 in Unarmed Combat
  1418 | D:1      | Reached skill level 1 in Evocations
  1420 | D:1      | Reached skill level 1 in Shapeshifting
  1420 | D:1      | Reached XP level 4. HP: 27/32 MP: 4/11
  1426 | D:1      | Reached skill level 1 in Conjurations
  1426 | D:1      | Reached skill level 1 in Hexes
  1426 | D:1      | Reached skill level 1 in Summonings
  1426 | D:1      | Reached skill level 1 in Necromancy
  1426 | D:1      | Reached skill level 1 in Translocations
  1426 | D:1      | Reached skill level 1 in Fire Magic
  1426 | D:1      | Reached skill level 1 in Air Magic
  1426 | D:1      | Reached skill level 1 in Earth Magic
  1426 | D:1      | Reached skill level 1 in Alchemy
  1429 | D:1      | Reached XP level 5. HP: 15/37 MP: 2/12
  1448 | D:1      | Slain by a gnoll

Illustrated notes

Levels and vault maps discovered:
D:1:      erik_arrival_cave_to_civilisation [erik_arrival_cave_to_temple],
          layout_basic, shapermc_ecumenical_altar_flowoftime
D:2:      layout_loops_ring

Skill      XL: |  1  2  3  4 |
---------------+-------------+-----
Spellcasting   | 5 |  5.2
Invocations    | 1 |  1.6
Fighting       | 1 |  1.4
Short Blades   | 1 |  1.4
Long Blades    | 1 |  1.4
Axes           | 1 |  1.4
Maces & Flails | 1 |  1.4
Polearms       | 1 |  1.4
Staves         | 1 |  1.4
Ranged Weapons | 1 |  1.4
Throwing       | 1 |  1.4
Armour         | 1 |  1.4
Shields        | 1 |  1.4
Unarmed Combat | 1 |  1.4
Evocations     | 1 |  1.4
Shapeshifting  | 1 |  1.3
Conjurations   | 1 |  1.1
Hexes          | 1 |  1.1
Summonings     | 1 |  1.1
Necromancy     | 1 |  1.1
Translocations | 1 |  1.1
Fire Magic     | 1 |  1.1
Air Magic      | 1 |  1.1
Earth Magic    | 1 |  1.1
Alchemy        | 1 |  1.1
Dodging        | |  4.8
Stealth        | |  4.4
Ice Magic      | |  7.2

Action                     |  1- 3 |  4- 6 || total
---------------------------+-------+-------++-------
  Melee: Unarmed           |    26 |       ||    26
         Bite              |     6 |       ||     6
         Dagger            |    16 |    16 ||    32
   Cast: Freeze            |    22 |       ||    22
         Ozocubu's Armour  |     2 |       ||     2
         Frozen Ramparts   |     1 |     1 ||     2
         Summon Ice Beast  |       |     1 ||     1
    Use: Potion            |       |     2 ||     2
   Stab: Sleeping          |     3 |       ||     3
         Distracted        |     1 |       ||     1
 Armour: Robe              |    21 |     8 ||    29
         Skin              |       |    34 ||    34
  Dodge: Dodged            |    28 |     7 ||    35
